 Dungeon Crawl Stone Soup version 0.25.1-1-g288607f5aa (webtiles) character file.

Game seed: 12911530137736734257

4187 Delamore the Basher (level 10, 0/56 HPs)
             Began as a Gargoyle Fighter on July 26, 2020.
             Was a High Priest of Okawaru.
             Slain by an orc (3 damage)
             ... on level 8 of the Dungeon.
             The game lasted 00:07:32 (8052 turns).

Delamore the Basher (Gargoyle Fighter)              Turns: 8052, Time: 00:07:33

Health: 0/56       AC: 23    Str: 23    XL:     10   Next: 29%
Magic:  10/10      EV:  5    Int:  9    God:    Okawaru [*****.]
Gold:   298        SH: 11    Dex:  9    Spells: 9/9 levels left

rFire    . . .     SeeInvis .   r - +1 whip (flame)
rCold    . . .     Gourm    .   c - +0 kite shield
rNeg     + + .     Faith    .   m - +0 plate armour
rPois    ∞         Spirit   .   h - +1 helmet
rElec    +         Reflect  .   B - +2 cloak
rCorr    .         Harm     .   (no gloves)
MR       .....                  (no boots)
Stlth    ..........             (no amulet)
HPRegen  0.18/turn              l - ring of positive energy
MPRegen  0.12/turn              (no ring)

@: flying
A: negative energy resistance 1, electricity resistance, unbreathing,
petrification resistance, rot immunity, AC +7
a: Heroism, Finesse, Renounce Religion


You were on level 8 of the Dungeon.
You worshipped Okawaru.
Okawaru was extremely pleased with you.
You were hungry.

You visited 1 branch of the dungeon, and saw 8 of its levels.

You collected 298 gold pieces.

Inventory:

Hand Weapons
 r - a +1 whip of flaming (weapon)
 x - a +2 flail of protection
Missiles
 y - 4 atropa-tipped darts
 H - 4 silver javelins (quivered)
Armour
 b - a +0 scale mail
 c - a +0 kite shield (worn)
 h - a +1 helmet (worn)
 m - a +0 plate armour (worn)
 u - a +0 cloak
 B - a +2 cloak (worn)
Jewellery
 l - a ring of positive energy (left hand)
Wands
 p - a wand of disintegration (18)
 t - a wand of iceblast (2)
 D - a wand of clouds (8)
Scrolls
 e - a scroll of enchant armour
 g - a scroll of magic mapping {unknown}
 k - 3 scrolls of remove curse
 n - 9 scrolls of identify {unknown}
 o - 2 scrolls of noise {unknown}
 q - 3 scrolls of teleportation {unknown}
 v - 3 scrolls of blinking {unknown}
 C - a scroll of random uselessness {unknown}
 J - a scroll of holy word {unknown}
Potions
 a - 2 potions of cancellation {unknown}
 d - 2 potions of might
 i - a potion of magic {unknown}
 j - a potion of haste {unknown}
 s - 2 potions of curing
 w - a potion of flight
 z - a potion of resistance {unknown}
 A - a potion of degeneration {unknown}
 E - a potion of invisibility {unknown}
 F - 3 potions of ambrosia {unknown}
 G - a potion of berserk rage {unknown}
 K - 2 potions of brilliance {unknown}
Comestibles
 f - 13 rations
 I - 6 chunks of flesh


   Skills:
 - Level 3.2 Fighting
 - Level 12.0 Maces & Flails
 - Level 3.2 Armour
 + Level 9.7 Shields


You had 9 spell levels left.
You didn't know any spells.
Your spell library was empty.

Dungeon Overview and Level Annotations

Branches:
Dungeon (8/15)             Temple (0/1) D:5
   Lair: D:8-11

Altars:
Cheibriados
Elyvilon
Gozag
Hepliaklqana
Okawaru
Xom
Lugonu

Annotations:
D:7 2 transporters


Innate Abilities, Weirdness & Mutations

You are resistant to torment.
Your stone body is resilient. (AC +7)
You are immune to poison.
You resist negative energy. (rN+)
You are resistant to electric shocks. (rElec)
You can survive without breathing.
You are immune to petrification.
You are immune to rotting.


Message History

The killer bee is lightly wounded.
You block the killer bee's attack.
An orc priest comes into view. It is wielding a +0 club.
You barely miss the killer bee.
The killer bee is lightly wounded.
The killer bee stings you.
The phantom blinks!
You hit the killer bee. You burn the killer bee.
The killer bee is moderately wounded.
You block the killer bee's attack.
The orc priest mumbles some strange prayers to Beogh against you.
Beogh smites you!
* * * LOW HITPOINT WARNING * * *
It was a potion of flight.
You feel very buoyant.
You fly up into the air.
The killer bee stings you but does no damage.
You block the killer bee's attack.
An orc comes into view. It is wielding a +0 club.
The orc hits you.
You die...

##########
#........##
###...W.....#
###ooo.o..)...#
#y@###........#
#yy###
##...(...# #..#
##..(..## ..#
##..### #
##..## ##(.####
##...<###
#......#
#.......


You could see a phantom, an orc warrior, 3 killer bees, an orc priest and 2
orcs.

Vanquished Creatures
  Pikel (D:4)
  Prince Ribbit (D:5)
  A hippogriff (D:7)
  Sigmund (D:6)
  A hungry ghost (D:6)
  Eustachio (D:6)
  Edmund (D:4)
  3 ice beasts
  2 sky beasts
  5 ogres
  A black bear (D:8)
  An orc warrior (D:6)
  A phantom (D:7)
  A centaur (D:8)
  3 killer bees (D:8)
  8 wights
  3 howler monkeys
  A bullfrog zombie (D:8)
  4 crimson imps
  A quasit (D:6)
  4 jellies
  4 orc wizards
  Crazy Yiuf (D:5)
  An orc priest (D:8)
  4 bullfrog skeletons
  A centaur skeleton (D:4)
  Ijyb (D:5)
  Natasha (D:2)
  4 worker ants
  A hound skeleton (D:4)
  A worker ant zombie (D:8)
  3 gnolls (D:4)
  7 adders
  2 worms (D:2)
  A dart slug (D:2)
  3 leopard geckos
  25 orcs
  3 ball pythons
  8 bats
  7 giant cockroaches
  3 goblins (D:1)
  3 hobgoblins
  7 jackals
  A quokka (D:7)
  6 frilled lizards
  A jackal skeleton (D:6)
  9 kobolds
  A leopard gecko skeleton (D:4)
  A quokka skeleton (D:6)
  8 rats
163 creatures vanquished.

Notes
Turn   | Place    | Note
-------+----------+-------------------------------------------
     0 | D:1      | Delamore the Gargoyle Fighter began the quest for the Orb.
     0 | D:1      | Reached XP level 1. HP: 14/14 MP: 1/1
   158 | D:1      | Reached XP level 2. HP: 19/19 MP: 2/2
   335 | D:1      | Reached skill level 3 in Maces & Flails
   713 | D:1      | Reached XP level 3. HP: 23/23 MP: 3/3
   801 | D:2      | Found a faded altar of an unknown god.
  1195 | D:2      | Noticed Natasha
  1487 | D:3      | Reached skill level 4 in Maces & Flails
  1687 | D:2      | Reached XP level 4. HP: 28/28 MP: 4/4
  2130 | D:2      | Killed Natasha
  2329 | D:3      | Reached skill level 5 in Maces & Flails
  2329 | D:3      | Reached XP level 5. HP: 29/32 MP: 5/5
  2485 | D:3      | Found a white marble altar of Elyvilon.
  2485 | D:3      | Found a shimmering altar of Xom.
  2485 | D:3      | Found an iron altar of Okawaru.
  2492 | D:3      | Found a snail-covered altar of Cheibriados.
  2509 | D:3      | Became a worshipper of Warmaster Okawaru
  3155 | D:4      | Noticed Edmund
  3243 | D:4      | Killed Edmund
  3243 | D:4      | Reached * piety under Okawaru
  3243 | D:4      | Reached skill level 6 in Maces & Flails
  3243 | D:4      | Reached XP level 6. HP: 35/37 MP: 6/6
  3303 | D:4      | Found a hazy altar of Hepliaklqana.
  3401 | D:4      | Reached skill level 7 in Maces & Flails
  3418 | D:4      | Reached XP level 7. HP: 33/41 MP: 7/7
  3694 | D:4      | Noticed Pikel
  3704 | D:4      | Reached skill level 8 in Maces & Flails
  3717 | D:4      | Killed Pikel
  3717 | D:4      | Reached ** piety under Okawaru
  3717 | D:4      | Reached skill level 9 in Maces & Flails
  3717 | D:4      | Reached XP level 8. HP: 23/46 MP: 8/8
  4069 | D:5      | Entered Level 5 of the Dungeon
  4100 | D:5      | Found a staircase to the Ecumenical Temple.
  4252 | D:5      | Reached *** piety under Okawaru
  4252 | D:5      | Reached skill level 10 in Maces & Flails
  4593 | D:5      | Noticed Ijyb
  4608 | D:5      | Killed Ijyb
  4621 | D:5      | Received a gift from Okawaru
  4680 | D:5      | Noticed Prince Ribbit
  4702 | D:5      | Killed Prince Ribbit
  4702 | D:5      | Reached skill level 11 in Maces & Flails
  5143 | D:5      | Found a runed translucent door.
  5144 | D:5      | Noticed Crazy Yiuf
  5296 | D:5      | Killed Crazy Yiuf
  5383 | D:6      | Reached XP level 9. HP: 51/51 MP: 9/9
  5904 | D:6      | Noticed Eustachio
  5950 | D:6      | Killed Eustachio
  5963 | D:6      | Reached **** piety under Okawaru
  6455 | D:6      | Noticed Sigmund
  6487 | D:6      | Killed Sigmund
  6487 | D:6      | Reached skill level 12 in Maces & Flails
  6716 | D:6      | Reached skill level 5 in Shields
  6935 | D:7      | Found a transporter.
  6936 | D:7      | Noticed a purple ugly thing
  6938 | D:7      | Found a corrupted altar of Lugonu.
  6938 | D:7      | Noticed a green ugly thing
  6940 | D:7      | Noticed a purple ugly thing
  7065 | D:7      | Found a transporter.
  7276 | D:7      | Reached ***** piety under Okawaru
  7276 | D:7      | Reached XP level 10. HP: 56/56 MP: 10/10
  7716 | D:8      | Found an opulent altar of Gozag.
  8052 | D:8      | Slain by an orc

Illustrated notes

Levels and vault maps discovered:
D:1:      scummos_arrival_gate, layout_loops_ring
D:2:      layout_loops_ring, chequers_ecumenical_altar_island, uniq_natasha
D:3:      layout_rooms, nicolae_overflow_quartered_altars
D:4:      layout_basic, lemuel_doored_altar, minmay_misc_feat_encased,
          uniq_edmund, uniq_pikel
D:5:      layout_layer_cave, minmay_temple_entry_butterflies, first_ration,
          hangedman_decor_growths, uniq_prince_ribbit1, uniq_crazy_yiuf_cottage,
          uniq_ijyb
D:6:      layout_cave_pods, uniq_eustachio, uniq_sigmund
D:7:      gammafunk_corrupted_shrine, layout_basic
D:8:      layout_cave_pods, grunt_gozag_statues, serial_shops,
          nicolae_shop_behind_doors

Skill      XL: |  1  2  3  4  5  6  7  8  9 10 |
---------------+-------------------------------+-----
Maces & Flails | 3 4 5 6 7 9 11 12 | 12.0
Shields        | 8 9 |  9.7
Fighting       | |  3.2
Armour         | |  3.2

Action                   |  1- 3 |  4- 6 |  7- 9 | 10-12 || total
-------------------------+-------+-------+-------+-------++-------
Melee: Flail             |    85 |    31 |    56 |       ||   172
       Whip              |   147 |   343 |   454 |   208 ||  1152
Throw: Javelin           |       |       |     8 |       ||     8
  Use: Scroll            |       |     2 |       |       ||     2
       Potion            |       |       |       |     2 ||     2
  Eat: Chunk             |     3 |     6 |    10 |     2 ||    21
       Ration            |       |       |     2 |       ||     2
Armor: Scale mail        |    46 |       |       |       ||    46
       Plate armour      |   159 |   322 |   293 |    86 ||   860
Dodge: Dodged            |    65 |    47 |    70 |    24 ||   206
Block: Kite shield       |   138 |   181 |   193 |    75 ||   587
